 Seeded DCSS version 0.30-a0-718-geaa24f58ff (webtiles) character file.

Game seed: 5430720872467839093 (custom seed)

108 valliere the Charlatan (level 4, -8/37 HPs)
             Began as a Draconian Artificer on Jan 25, 2023.
             Mangled by a gnoll
             ... wielding a +0 flail
              (10 damage)
             ... on level 2 of the Dungeon.
             The game lasted 00:02:47 (1476 turns).

valliere the Charlatan (Draconian Artificer)        Turns: 1476, Time: 00:02:48

Health: -8/37      AC:  5    Str: 22    XL:     4   Next: 58%
Magic:  0/4        EV: 12    Int: 12    God:
Gold:   60         SH:  0    Dex: 11    Spells: 3/3 levels left

rFire   . . .      SeeInvis .    a - +0 club
rCold   + . .      Faith    .    (no shield)
rNeg    . . .      Spirit   .    (body armour unavailable)
rPois   .          Reflect  .    (helmet restricted)
rElec   .          Harm     .    (no cloak)
rCorr   .          Rampage  .    (no gloves)
Will    .....      Rage     3%   (no boots)
Stlth   ++                       (no amulet)
HPRegen 0.26/turn                l - +6 ring of strength
MPRegen 0.09/turn                o - ring of protection from cold

@: no status effects
A: AC +5, unfitting armour, cold-blooded, berserk 1, MP-powered wands
a: no special abilities


You were on level 2 of the Dungeon.
You visited 1 branch of the dungeon, and saw 2 of its levels.

You collected 60 gold pieces.

Inventory:

Hand Weapons
 a - a +0 club (weapon)
Jewellery
 l - a +6 ring of strength (left hand)
 o - a ring of protection from cold (right hand)
Wands
 b - a wand of flame (11) (quivered)
 c - a wand of charming (15)
 d - a wand of iceblast (5)
Scrolls
 e - a scroll of torment {unknown}
 f - 3 scrolls of amnesia {unknown}
 g - a scroll of identify {unknown}
 h - a scroll of noise {unknown}
 k - a scroll of teleportation {unknown}
 m - a scroll of brand weapon {unknown}
 n - 4 scrolls of acquirement {unknown}
 p - a scroll of fog {unknown}
 q - a scroll of immolation {unknown}
Potions
 i - a potion of attraction {unknown}
 j - 2 potions of curing {unknown}


   Skills:
 + Level 2.3 Fighting
 + Level 2.7 Dodging
 + Level 2.0 Stealth
 * Level 4.1 Evocations


You had 3 spell levels left.
You didn't know any spells.
Your spell library was empty.

Dungeon Overview and Level Annotations

Branches:
Dungeon (2/15)

Altars:


Innate Abilities, Weirdness & Mutations

Your plain brown scales are hard. (AC +5)
You cannot fit into any form of body armour.
You are cold-blooded and may be slowed by cold attacks.
You sometimes lose your temper in combat.
You expend magic power (3 MP) to strengthen your wands.


Message History

The gnoll barely misses you. The gnoll hits you with a +0 club.
The gnoll closely misses you.
You are too injured to fight recklessly!
You closely miss the gnoll. You hit the gnoll.
The gnoll is moderately wounded.
The gnoll hits you but does no damage. The gnoll attacks as you move away!
The gnoll hits you with a +0 club.
You hit the gnoll. You tail-slap the gnoll.
The gnoll is severely wounded.
The gnoll misses you. The gnoll hits you with a +0 whip!
* * * LOW HITPOINT WARNING * * *
You hit the gnoll.
The gnoll is almost dead.
The gnoll hits you but does no damage.
You hit the gnoll.
You kill the gnoll!
Your Stealth skill increases to level 2!
Sorry, you're not good enough to have a special ability.
Aiming: Throw Flame
Press: ? - help, Shift-Dir - straight line, f - gnoll
Aim: a gnoll, wielding a +0 club (77% to hit)
You feel a slight surge of power.
The puff of flame hits the gnoll.
The gnoll is moderately wounded.
The gnoll hits you but does no damage.
There are monsters nearby!
Aiming: Throw Flame
Press: ? - help, Shift-Dir - straight line, f/p - gnoll
Aim: a gnoll, wielding a +0 club (moderately wounded, 77% to hit)
The puff of flame hits the gnoll!
The gnoll is almost dead.
The gnoll hits you with a +0 club.
* * * LOW HITPOINT WARNING * * *
Aiming: Throw Flame
Press: ? - help, Shift-Dir - straight line, f/p - gnoll
Aim: a gnoll, wielding a +0 club (almost dead, 75% to hit)
The puff of flame hits the gnoll.
The gnoll is almost dead.
The gnoll barely misses you. The gnoll hits you with a +0 flail!
You die...

############ #.<........#
#.########.# ###
#.########.######
....##.#..)g..........#######
....###.#g@...............#
#..#..#.g#.####.####.#####.#
#..........# #.# #.......#
...##.....### #.# #.####..# .
##....... ..# #.# #..#
######### ### #.# #..# #.#
#..# #.# #..# #..#


You could see 2 gnolls.

Vanquished Creatures
  A necrophage (D:2)
  A gnoll (D:2)
  An adder (D:2)
  2 bats
  5 endoplasms
  2 hobgoblins
  4 jackals (D:1)
  5 kobolds
  2 quokkas (D:1)
  2 ball pythons (D:1)
  A frilled lizard (D:2)
  3 goblins
  A rat (D:1)
30 creatures vanquished.

Notes
Turn   | Place    | Note
-------+----------+-------------------------------------------
     0 | D:1      | valliere the Draconian Artificer began the quest for the
                  | Orb.
     0 | D:1      | Reached XP level 1. HP: 16/16 MP: 1/1
    58 | D:1      | Gained mutation: You sometimes lose your temper in combat.
                  | [potion of mutation]
    58 | D:1      | Gained mutation: You expend magic power (3 MP) to
                  | strengthen your wands. [potion of mutation]
    65 | D:1      | Reached skill level 1 in Stealth
   157 | D:1      | Reached XP level 2. HP: 20/23 MP: 2/2
  1093 | D:2      | Reached XP level 3. HP: 20/29 MP: 3/3
  1269 | D:2      | Noticed a necrophage
  1278 | D:2      | Killed a necrophage
  1279 | D:2      | Reached skill level 4 in Evocations
  1279 | D:2      | Reached XP level 4. HP: 36/36 MP: 0/4
  1476 | D:2      | Mangled by a gnoll

Illustrated notes

Levels and vault maps discovered:
D:1:      dpeg_arrival_boxes_within_box, layout_basic
D:2:      layout_loops_ring, serial_shops, shop, nicolae_kite_square_tiling_tiny

Skill      XL: |  1  2  3  4 |
---------------+-------------+-----
Stealth        | 1 2 |  2.0
Fighting       | 2 |  2.3
Evocations     | 4 |  4.1
Dodging        | |  2.7

Action                     |  1- 3 |  4- 6 || total
---------------------------+-------+-------++-------
  Melee: Club              |   110 |    16 ||   126
         Tailslap          |    10 |     2 ||    12
  Evoke: Wand              |     1 |     3 ||     4
    Use: Potion            |     1 |       ||     1
   Stab: Sleeping          |     2 |       ||     2
 Armour: Skin              |    46 |     5 ||    51
  Dodge: Dodged            |    71 |    14 ||    85

Table legend: (Time is in decaauts)
 A = Elapsed time spent in this place.
 B = Non-inter-level travel time spent in this place.
 C = Inter-level travel time spent in this place.
 D = Time resting spent in this place.
 E = Time spent auto-exploring this place.
 F = Levels seen in this place.
 G = Mean time per level.
                   A        B        C        D        E       F      G
               +--------+--------+--------+--------+--------+-----+--------+
         Total |   1547 |   1477 |     70 |      0 |   1169 |   2 |  773.5 |
       Dungeon |   1547 |   1477 |     70 |      0 |   1169 |   2 |  773.5 |
               +--------+--------+--------+--------+--------+-----+--------+

Top non-repeatable levels by time:
     D:1: 1071 daAuts
     D:2: 475 daAuts
